 Dungeon Crawl Stone Soup version 0.24-a0-139-geb6712d (console) character file.

Game seed: 18110270425700132940

1528 bli the Carver (level 8, -18/71 HPs)
             Began as a Minotaur Monk on Mar 2, 2019.
             Was a Believer of Wu Jian.
             Demolished by an orc warrior
             ... wielding a +0 halberd
              (21 damage)
             ... on level 6 of the Dungeon.
             The game lasted 00:18:10 (5135 turns).

bli the Carver (Minotaur Monk)                      Turns: 5135, Time: 00:18:11

Health: -18/71     AC:  4    Str: 16    XL:     8   Next: 55%
Magic:  2/2        EV: 13    Int:  9    God:    Wu Jian [**....]
Gold:   247        SH: 10    Dex: 15    Spells: 7/7 levels left

rFire    . . .     SeeInvis .   a - +2 long sword (antimagic)
rCold    . . .     Gourm    .   k - +0 shield
rNeg     . . .     Faith    .   N - +0 leather armour of Disguise {*Drain rPois MR+++} (curse)
rPois    +         Spirit   .   (helmet restricted)
rElec    .         Reflect  .   (no cloak)
rCorr    .         Harm     .   f - +0 pair of gloves
MR       +++..                  (no boots)
Stlth    ++........             (no amulet)
HPRegen  0.21/turn              C - ring of flight
MPRegen  0.08/turn              P - +2 ring of intelligence

@: no status effects
A: retaliatory headbutt, horns 2
a: Wall Jump, Renounce Religion, Evoke Flight


You were on level 6 of the Dungeon.
You worshipped Wu Jian.
Wu Jian was pleased with you.
You were not hungry.

You visited 2 branches of the dungeon, and saw 7 of its levels.
You also visited: Sewer.

You collected 247 gold pieces.

Inventory:

Hand Weapons
 a - a +2 antimagic long sword (weapon)
 b - a +3 dagger
 c - a +1 dagger of protection
 p - a +0 rapier
 A - a +0 falchion
 F - a +0 dagger of venom
 I - a +0 blowgun
Missiles
 e - 144 stones (quivered)
 m - 14 poisoned needles
 y - 6 needles of confusion
 H - 4 tomahawks
 R - 6 sling bullets
Armour
 f - a +0 pair of gloves (worn)
 j - a +0 ring mail
 k - a +0 shield (worn)
 q - a +0 robe
 u - a +0 plate armour
 N - the cursed +0 leather armour of Disguise (worn) {*Drain rPois MR+++}
   (You found it on level 4 of the Dungeon)

   It protects you from poison.
   It affects your resistance to hostile enchantments.
   It causes draining when unequipped.
   It has a curse placed upon it.
Jewellery
 C - a ring of flight (left hand)
 P - a +2 ring of intelligence (right hand)
Wands
 n - a wand of disintegration (7)
 D - a wand of random effects (23)
 Q - a wand of polymorph (8)
Scrolls
 d - 4 scrolls of identify
 g - 4 scrolls of teleportation {unknown}
 i - a scroll of noise {unknown}
 l - 4 scrolls of remove curse
 o - a scroll of fear {unknown}
 r - 4 scrolls of amnesia {unknown}
 s - 2 scrolls of enchant armour {unknown}
 z - 2 scrolls of enchant weapon {unknown}
 K - 2 scrolls of fog {unknown}
Potions
 h - a potion of flight
 t - a potion of invisibility {unknown}
 v - a potion of berserk rage {unknown}
 x - a potion of degeneration {unknown}
 B - 2 potions of heal wounds {unknown}
 G - 3 potions of brilliance {unknown}
 J - a potion of haste
 L - a potion of might {unknown}
 M - a potion of curing
 O - a potion of ambrosia
Comestibles
 w - 6 chunks of flesh
 E - 11 rations


   Skills:
 * Level 6.7 Fighting
 + Level 1.1(4.7) Short Blades
 + Level 8.1(8.2) Long Blades
 + Level 2.6 Armour
 + Level 5.5 Dodging
 + Level 2.6 Stealth
 * Level 5.7 Shields


You had 7 spell levels left.
You didn't know any spells.
Your spell library was empty.

Dungeon Overview and Level Annotations

Branches:
Dungeon (6/15)             Temple (1/1) D:4

Altars:
Ashenzari
Cheibriados
Dithmenos
Elyvilon
Hepliaklqana
Kikubaaqudgha
Makhleb
Nemelex Xobeh
Okawaru
Ru
Sif Muna
Uskayaw
Vehumet
Wu Jian
Xom
Yredelemnul
Zin
The Shining One


Innate Abilities, Weirdness & Mutations

You reflexively headbutt those who attack you in melee.
You have a pair of horns on your head.


Message History

The orc warrior hits you with a +0 halberd!!
* * * LOW HITPOINT WARNING * * *
You barely miss the orc. You headbutt the orc.
You kill the orc!
The Council accepts your kill. The orc warrior closely misses you.
You hit the orc warrior.
The orc warrior is moderately wounded.
You block the orc warrior's attack.
You hit the orc warrior.
The orc warrior is moderately wounded.
You closely miss the orc warrior.
You headbutt the orc warrior, but do no damage.
The orc warrior is moderately wounded.
The orc warrior hits you with a +0 halberd!
* * * LOW HITPOINT WARNING * * *
You closely miss the orc warrior.
The orc warrior is moderately wounded.
The orc warrior hits you with a +0 halberd!!
You die...

##.......#
#........# .
#.p.))# .. #..#..#
...##. #[.#
#....###.####.##
#...........p...
...##.p.#.####.## #
#..#.(...#...
#...##..p..#.#
..... #....@..#
#..#..#....)o##
#.........#..# #.
#......#.#######..
####............$.
#...#.........>..
#.###.#.......### #
#.# #.#.##.#..# #.
#.###......##..#
#..#####<#...#..###
....
#......[...#>..##
#..


You could see an orc warrior and 2 neutral freed slaves.

Vanquished Creatures
  Pikel (D:6)
  A hornet zombie (D:5)
  An ogre (D:5)
  A phantom (D:4)
  A bullfrog (D:4)
  A scorpion (D:4)
  2 howler monkeys
  A bullfrog zombie (D:3)
  A crimson imp (D:5)
  A jelly (D:5)
  3 hounds
  An orc priest (D:6)
  2 centaur skeletons (D:4)
  Jessica (D:2)
  2 orc wizards
  3 worker ants (D:4)
  A howler monkey skeleton (D:5)
  6 adders
  3 river rats
  An adder zombie (D:5)
  4 worms
  6 dart slugs
  4 leopard geckos
  11 orcs
  10 ball pythons
  6 bats
  10 giant cockroaches
  6 goblins
  6 hobgoblins
  6 jackals
  5 kobolds
  5 quokkas
  9 frilled lizards
  A giant cockroach zombie (D:5)
  A quokka skeleton (D:5)
  24 rats
148 creatures vanquished.

Vanquished Creatures (others)
  A slave (D:6)
1 creature vanquished.

Grand Total: 149 creatures vanquished

Notes
Turn   | Place    | Note
-------+----------+-------------------------------------------
     0 | D:1      | bli the Minotaur Monk began the quest for the Orb.
     0 | D:1      | Reached XP level 1. HP: 19/19 MP: 0/0
   106 | D:1      | Reached skill level 4 in Long Blades
   109 | D:1      | Reached XP level 2. HP: 26/27 MP: 1/1
   656 | D:1      | Reached XP level 3. HP: 31/33 MP: 2/2
   884 | D:2      | Found a faded altar of an unknown god.
   985 | D:2      | Became a worshipper of Ashenzari the Shackled
   985 | D:2      | Reached * piety under Ashenzari
   985 | D:2      | Reached ** piety under Ashenzari
  1093 | D:2      | Fell from the grace of Ashenzari
  1524 | D:2      | Noticed Jessica
  1528 | D:2      | Killed Jessica
  1528 | D:2      | Reached skill level 5 in Long Blades
  1528 | D:2      | Reached XP level 4. HP: 31/40 MP: 3/3
  2278 | D:3      | Reached skill level 1 in Shields
  2376 | D:3      | Was forgiven by Ashenzari
  2376 | D:3      | Reached XP level 5. HP: 30/47 MP: 4/4
  3059 | D:4      | Reached skill level 6 in Long Blades
  3234 | D:4      | Noticed a phantom
  3236 | D:4      | Reached skill level 1 in Short Blades
  3254 | D:4      | Killed a phantom
  3254 | D:4      | Reached XP level 6. HP: 40/53 MP: 1/5
  3296 | D:4      | Found a glowing golden altar of the Shining One.
  3371 | D:4      | Reached skill level 5 in Fighting
  3476 | D:4      | Found a staircase to the Ecumenical Temple.
  3495 | Temple   | Entered the Ecumenical Temple
  3536 | Temple   | Became a worshipper of the Wu Jian Council
  3589 | D:4      | Found an ancient bone altar of Kikubaaqudgha.
  3611 | D:4      | Reached XP level 7. HP: 53/61 MP: 2/6
  3631 | D:4      | Found a hide-covered altar of Uskayaw.
  3652 | D:4      | Found a glowing drain.
  3682 | Sewer    | Entered a sewer
  3907 | Sewer    | Reached * piety under Wu Jian
  4174 | D:4      | Got a translucent leather armour
  4192 | D:4      | Identified the cursed +0 leather armour of Disguise {*Drain
                  | rPois MR+++} (You found it on level 4 of the Dungeon)
  4259 | D:4      | Reached skill level 5 in Dodging
  4308 | D:5      | Entered Level 5 of the Dungeon
  4329 | D:5      | Reached skill level 7 in Long Blades
  4359 | D:5      | Found a shadowy altar of Dithmenos.
  4717 | D:5      | Reached skill level 1 in Armour
  4717 | D:5      | Reached XP level 8. HP: 52/70 MP: 2/7
  4734 | D:5      | Reached ** piety under Wu Jian
  5051 | D:6      | Noticed Pikel
  5063 | D:6      | Killed Pikel
  5063 | D:6      | Reached skill level 8 in Long Blades
  5063 | D:6      | Reached skill level 5 in Shields
  5134 | D:6      | HP: 3/71 [orc warrior/+0 halberd (12)]
  5135 | D:6      | Demolished by an orc warrior

Levels and vault maps discovered:
D:1:      sevenhm_arrival_forest_fort_large_4, layout_basic
D:2:      layout_loops_corners, chequers_ecumenical_altar_simple,
          grunt_ministairs_9, kennysheep_generic_room_2, uniq_jessica
D:3:      layout_basic, minmay_misc_feat_plants
D:4:      layout_rooms, overflow_temple_1_default,
          nicolae_overflow_hidden_temple, kennysheep_mini,
          minmay_temple_entry_stoned_glass, first_ration,
          cheibrodos_sewer_entry_sluice, hangedman_minor_gate_pass
D:5:      layout_gridville, marbit_many_paths
D:6:      layout_rooms, grunt_qazlal_sundering, ebering_ghost_reflecting_pool,
          kennysheep_generic_room_4, uniq_menkaure, uniq_pikel
Temple:   nicolae_temple_great_sept
Sewer:    sewer_co_cracked_pipes

Skill      XL: |  1  2  3  4  5  6  7  8 |
---------------+-------------------------+-----
Long Blades    | 4 5 6 7 8 |  8.1
Fighting       | 4 5 6 |  6.7
Shields        | 1 3 4 5 |  5.7
Dodging        | 4 5 |  5.5
Short Blades   | 1 |  1.1
Stealth        | 2 |  2.6
Armour         | 1 2 |  2.6

Action                   |  1- 3 |  4- 6 |  7- 9 || total
-------------------------+-------+-------+-------++-------
Melee: Falchion          |    60 |    55 |       ||   115
       Headbutt          |     4 |    22 |    34 ||    60
       Dagger            |       |    31 |       ||    31
       Long sword        |       |    55 |   178 ||   233
Invok: Renounce Religion |     1 |       |       ||     1
       Whirlwind         |       |       |    29 ||    29
       Lunge             |       |       |    17 ||    17
  Use: Potion            |       |     3 |       ||     3
       Scroll            |       |       |     1 ||     1
 Stab: Sleeping          |     6 |     2 |     7 ||    15
       Distracted        |       |       |     2 ||     2
  Eat: Chunk             |     2 |     7 |     5 ||    14
Armor: Robe              |     6 |    22 |     2 ||    30
       Leather armour    |       |       |     9 ||     9
Dodge: Dodged            |    39 |    55 |    69 ||   163
Block: Shield            |     8 |    51 |    76 ||   135
       Rpst.: Falchion   |    12 |     5 |       ||    17
       Long sword        |       |     8 |    16 ||    24

Table legend:
 A = Non-vault XP
 B = Vault XP
 C = Vault XP percentage of total XP
 D = Non-vault monster count
 E = Vault monster count
 F = Vault count percentage of total count
                 A         B        C        D         E       F
            +---------+---------+-------+---------+---------+-------
      Total |    1254 |     929 |  42.6 |     102 |      45 |  30.6
            +---------+---------+-------+---------+---------+-------
        D:1 |      45 |       0 |   0.0 |      22 |       0 |   0.0
        D:2 |      22 |      47 |  68.1 |       7 |       6 |  46.2
        D:3 |     121 |       0 |   0.0 |      29 |       0 |   0.0
        D:4 |     515 |     119 |  18.8 |      12 |       9 |  42.9
        D:5 |     504 |     116 |  18.7 |      27 |       1 |   3.6
        D:6 |      47 |     593 |  92.7 |       5 |       1 |  16.7
      Sewer |       0 |      54 | 100.0 |       0 |      28 | 100.0
            +---------+---------+-------+---------+---------+-------
